AoeStats
← O grande

Arabia

508847643Analyzed
1v1 RM · 7d ago on Sep 24, 2026· 42m 14s· 2 players
Game mode
Random Map
Map size
Tiny (2 player)
Population
200
Speed
Normal
Resources
Standard
Victory
Conquest
Starting age
Dark Age
Ending age
Imperial Age
RankedLock teamsTeams togetherTeam positionsShared explorationLock speedFull tech treeHidden civsTurbo modeCheats
Victory
Defeat
🇧🇷 Chinese · Brazil
2118
+7
🇸🇪 Varangians · Sweden
1900
-7
O grande
0:30 Loom
9:04 Feudal Age
9:47 Double-Bit Axe
11:18 Horse Collar
17:29 Wheelbarrow
20:26 Castle Age
18:49 Gold Mining
19:17 Fletching
20:00 Padded Archer Armor
20:37 Crossbowman
21:15 Bodkin Arrow
21:32 Bow Saw
21:25 Heavy Plow
24:25 Scale Mail Armor
24:54 Squires
25:27 Chain Mail Armor
26:39 Forging
28:57 Stone Mining
37:32 Imperial Age
36:20 Gold Shaft Mining
36:22 Stone Shaft Mining
37:24 Iron Casting
36:51 Arson
37:47 Hand Cart
39:07 Bracer
39:32 Ballistics
40:18 Chemistry
40:11 Plate Mail Armor
40:10 Arbalester
40:56 Thumb Ring
42:20 Blast Furnace
41:37 Pikeman
43:04 Leather Archer Armor
42:11 Elite Skirmisher
addro94
8:37 Feudal Age
7:29 Loom
9:24 Double-Bit Axe
19:10 Castle Age
18:12 Bloodlines
18:06 Gold Mining
18:43 Scale Barding Armor
20:05 Bow Saw
22:11 Chain Barding Armor
24:51 Husbandry
26:18 Forging
30:27 Fletching
36:03 Imperial Age
38:09 Plate Barding Armor
Connection lost

Rejoining the realm…

Still unreachable

The connection could not be restored.

Session expired

The server has moved on; the page needs a fresh start.